Map: [ESL] Hardwire

Players

Dark - Winner!

  • Race: Zerg Zerg

Ryung

  • Race: Terran Terran

Event: IEM Katowice 2022

VOD

Have the link to the VOD?

Description

Time

  • Played on: Feb. 24, 2022, 3:19 p.m.
  • Length: 13:36

All games in this series

Show
View Real Time Build Order
Export as new Build Order

Dark Zerg - Winner!

Build Orders: Hatch First, Lurkers 

Get SALT Encoding   

  12  0:04  Drone  
  13  0:13  Overlord  
  13  0:17  Drone  
  14  0:31  Drone x2  
  16  0:48  Hatchery  
  15  0:51  Drone  
  15  0:55  Drone  
  17  0:59  Drone  
  18  1:09  Extractor  
  17  1:13  Spawning Pool  
  17  1:16  Drone  
  17  1:21  Drone  
  18  1:30  Drone  
  19  1:41  Drone  
  20  1:52  Drone  
  21  2:02  Queen x2  
  21  2:05  Zergling x4  
  27  2:13  Drone  
  27  2:14  Overlord  
  28  2:21  Hatchery  
  27  2:28  Drone  
  28  2:34  Drone x2  
  30  2:40  Queen  
  32  2:45  Metabolic Boost  
  32  2:52  Overlord  
  32  2:53  Drone x2  
  32  2:54  Drone  
  35  3:03  Drone  
  36  3:07  Overlord  
  36  3:11  Drone  
  37  3:13  Drone x3  
  37  3:17  Queen  
  37  3:19  Zergling x2  
  43  3:20  Drone  
  43  3:26  Drone  
  45  3:30  Drone  
  45  3:33  Queen  
  45  3:34  Overlord  
  48  3:36  Drone  
  49  3:42  Drone x3  
  49  3:45  Drone  
  49  3:47  Drone  
  49  3:48  Drone x2  
  56  3:50  Drone  
  56  3:53  Queen  
  59  3:59  Drone x3  
  62  4:06  Extractor, Zergling x2  
  62  4:09  Drone, Queen  
  65  4:15  Drone  
  65  4:16  Evolution Chamber  
  65  4:17  Evolution Chamber  
  65  4:20  Overlord  
  65  4:21  Drone  
  65  4:22  Drone  
  66  4:25  Overlord x2  
  65  4:32  Overlord  
  65  4:38  Overlord  
  65  4:44  Drone x9  
  74  4:49  Zerg Melee Weapons Level 1  
  74  4:50  Zerg Ground Armor Level 1  
  74  4:55  Spore Crawler, Zergling x6  
  74  4:56  Zergling x4  
  78  5:03  Baneling Nest  
  78  5:04  Drone x2  
  78  5:06  Extractor  
  78  5:07  Drone x3, Extractor  
  78  5:08  Drone  
  78  5:09  Spore Crawler  
  80  5:15  Drone x3  
  80  5:18  Lair  
  83  5:24  Drone x2  
  83  5:26  Zergling x8  
  89  5:29  Hatchery  
  88  5:38  Hatchery  
  87  5:45  Overlord  
  87  5:49  Drone  
  87  5:52  Drone x2  
  87  5:53  Hatchery  
  87  5:54  Drone  
  89  5:57  Overlord  
  89  5:59  Overlord x2  
  89  6:01  Baneling x3  
  89  6:02  Baneling  
  89  6:03  Baneling x4  
  89  6:04  Baneling x4  
  89  6:05  Drone x3  
  89  6:07  Zergling x4  
  94  6:12  Zergling x6  
  94  6:18  Centrifugal Hooks  
  97  6:20  Infestation Pit  
  97  6:22  Zergling x10  
  101  6:30  Zergling x10  
  101  6:31  Burrow  
  105  6:34  Zergling x10  
  105  6:37  Drone  
  111  6:44  Drone x4  
  111  6:45  Drone  
  115  6:48  Zergling x4  
  115  6:53  Drone x3  
  120  6:58  Zerg Melee Weapons Level 2  
  120  7:01  Drone, Zergling x2  
  121  7:02  Zergling x4  
  121  7:04  Hatchery  
  121  7:05  Spore Crawler  
  121  7:06  Drone x2  
  123  7:09  Baneling x2  
  123  7:11  Zerg Ground Armor Level 2  
  123  7:13  Zergling x10  
  128  7:24  Overseer  
  128  7:25  Zergling x22  
  139  7:32  Overlord x5  
  139  7:38  Overlord  
  139  7:49  Hive  
  138  7:55  Zergling x36  
  132  8:00  Zergling x6  
  132  8:01  Baneling x2  
  132  8:02  Baneling x5  
  129  8:10  Zergling x14  
  132  8:15  Zergling x6  
  132  8:18  Zergling x6  
  129  8:27  Zergling x20  
  129  8:28  Hydralisk Den, Zergling x2  
  129  8:30  Baneling  
  129  8:31  Overseer, Baneling x3  
  129  8:32  Zergling x4  
  141  8:35  Pneumatized Carapace  
  140  8:43  Baneling x13  
  140  8:46  Zergling x2  
  140  8:47  Zergling x30  
  140  8:48  Baneling x2  
  156  8:52  Drone x3, Overlord  
  159  9:02  Zergling x18  
  163  9:09  Spore Crawler  
  141  9:13  Zergling x24  
  147  9:17  Grooved Spines  
  147  9:20  Spore Crawler  
  143  9:28  Lurker Den  
  143  9:29  Zergling x22  
  143  9:30  Overseer  
  149  9:36  Zergling x6  
  147  9:39  Hydralisk x2  
  147  9:40  Zergling x8  
  139  9:47  Zergling x12  
  139  9:52  Drone x3  
  141  9:53  Drone  
  141  9:54  Zergling x6  
  141  9:56  Extractor  
  141  9:57  Extractor, Zergling x2  
  143  10:01  Drone x4  
  143  10:02  Drone  
  143  10:06  Zerg Melee Weapons Level 3  
  146  10:10  Zerg Ground Armor Level 3  
  142  10:14  Zergling x16  
  142  10:16  Zergling x4  
  149  10:22  Drone x3  
  152  10:29  Zergling x20  
  152  10:30  Baneling x3  
  152  10:34  Adaptive Talons  
  162  10:36  Lurker  
  162  10:40  Zergling x6  
  162  10:41  Lurker, Zergling x2  
  166  10:44  Zergling x16  
  166  10:47  Zergling x6  
  170  10:52  Spore Crawler, Drone x3  
  172  10:59  Baneling x5  
  172  11:00  Baneling x2  
  171  11:09  Hatchery  
  171  11:10  Hydralisk x3  
  175  11:18  Zergling x12  
  180  11:22  Baneling x7, Overlord x2, Hydralisk x3  
  180  11:23  Hydralisk  
  185  11:29  Zergling x16  
  185  11:30  Baneling x8  
  193  11:40  Spore Crawler  
  193  11:43  Drone x4  
  196  11:49  Zergling x8  
  196  11:50  Baneling x4  
  200  12:00  Overseer  
  200  12:01  Overseer, Hatchery  
  195  12:02  Lurker x3  
  172  12:20  Zergling x32  
  182  12:24  Zergling x26  
  182  12:25  Zergling x10  
  192  12:30  Zergling x10  
  192  12:31  Zergling x2  
  179  12:38  Zergling x24  
  179  12:39  Overseer  
  179  12:41  Zergling x2  
  179  12:42  Zergling x12  
  179  12:43  Overseer  
  182  12:44  Zergling x2  
  182  12:45  Zergling x6  
  182  12:46  Overseer x2  
  182  12:50  Zergling x8  
  187  12:57  Zergling x14  
  185  13:05  Zergling x16, Swarm Host  
  179  13:06  Zergling x6  
  179  13:07  Zergling x6  
  179  13:10  Zergling x2  
  179  13:12  Zergling x2  
  189  13:14  Zergling x6  
  189  13:17  Baneling x20  
  189  13:18  Zergling x2  
Show
View Real Time Build Order
Export as new Build Order

Ryung Terran 

Build Orders: Reaper Expand 

Get SALT Encoding   

  12  0:00  SCV  
  13  0:12  SCV  
  14  0:17  Supply Depot  
  14  0:24  SCV  
  15  0:38  SCV  
  15  0:40  Barracks  
  16  0:44  Refinery  
  16  0:50  SCV  
  17  1:02  SCV  
  18  1:14  SCV  
  19  1:27  Reaper, Orbital Command  
  20  1:39  Command Center  
  20  1:49  Supply Depot  
  20  1:53  SCV  
  21  1:58  Marine  
  22  2:05  SCV  
  23  2:13  Factory  
  23  2:17  SCV  
  23  2:22  Barracks Reactor  
  24  2:29  SCV  
  25  2:40  Command Center  
  25  2:41  SCV  
  26  2:53  Orbital Command  
  26  2:54  SCV  
  27  3:00  Starport  
  27  3:06  SCV  
  27  3:07  Refinery  
  27  3:10  Hellion  
  27  3:12  Hellion  
  32  3:15  Barracks Tech Lab  
  32  3:18  SCV x2  
  34  3:30  SCV x2  
  34  3:31  Hellion  
  34  3:33  Hellion  
  40  3:41  Barracks Tech Lab  
  40  3:42  Viking  
  40  3:44  SCV x2  
  44  3:52  Orbital Command  
  44  3:57  SCV  
  44  3:58  SCV  
  44  4:00  Stimpack, Marine  
  47  4:03  Hellion x2  
  52  4:10  SCV x2  
  52  4:11  Supply Depot  
  53  4:18  SCV, Marine  
  55  4:25  SCV x2  
  57  4:34  SCV, Factory Reactor  
  57  4:35  Barracks  
  57  4:36  Marine  
  57  4:37  SCV x2, Starport Reactor  
  61  4:39  Barracks  
  61  4:40  Engineering Bay  
  61  4:43  Engineering Bay  
  61  4:46  Supply Depot, SCV  
  61  4:49  SCV x2  
  64  4:55  Marine  
  64  4:58  Refinery  
  64  4:59  Refinery, Orbital Command  
  65  5:02  SCV x2  
  67  5:08  Terran Infantry Weapons Level 1  
  67  5:09  Terran Infantry Armor Level 1  
  67  5:12  Supply Depot  
  67  5:14  SCV  
  68  5:17  Barracks  
  68  5:19  Barracks  
  68  5:20  SCV  
  69  5:24  Marine x2  
  69  5:25  Marine  
  69  5:26  SCV  
  69  5:27  Starport Reactor  
  69  5:28  Widow Mine x2  
  77  5:33  Supply Depot, Marine x2  
  77  5:35  Supply Depot  
  79  5:36  SCV  
  79  5:42  Marine, Combat Shield  
  80  5:49  Marine  
  81  5:50  Marine  
  81  5:51  Widow Mine  
  81  5:55  Widow Mine  
  88  5:57  SCV x3  
  88  5:58  Supply Depot, Marine x2  
  88  5:59  Supply Depot  
  88  6:00  Supply Depot  
  88  6:04  Medivac  
  94  6:05  Medivac  
  94  6:07  Supply Depot  
  94  6:08  Barracks Reactor x2  
  94  6:11  SCV x3  
  99  6:14  Marine  
  99  6:15  Marine  
  101  6:19  Marine  
  102  6:28  Armory  
  102  6:30  Marine x2  
  102  6:32  Marine  
  105  6:33  Marine  
  105  6:38  Factory  
  105  6:39  SCV x3  
  109  6:41  Refinery, Marine  
  109  6:44  Widow Mine x2  
  114  6:48  Marine x2  
  114  6:49  Marine  
  114  6:51  Medivac  
  114  6:52  Supply Depot, Medivac  
  121  6:58  SCV x2  
  121  6:59  Supply Depot, SCV  
  121  7:00  Marine x2  
  121  7:01  Marine  
  125  7:02  Marine  
  125  7:07  Widow Mine x2  
  131  7:15  Terran Infantry Weapons Level 2  
  131  7:20  Marine x2  
  131  7:21  Marine  
  131  7:22  Marine  
  135  7:23  Drilling Claws  
  135  7:24  Widow Mine  
  135  7:29  Widow Mine  
  139  7:31  SCV  
  139  7:32  SCV x2  
  139  7:33  Supply Depot  
  139  7:34  Supply Depot  
  139  7:35  Marine x4  
  139  7:36  Marine  
  147  7:38  Marine  
  147  7:41  Marine  
  149  7:45  Terran Infantry Armor Level 2  
  149  7:53  Marine x2  
  149  7:54  Marine  
  149  7:55  Marine  
  138  7:58  Marine x2  
  138  8:00  Widow Mine x2, Marine x3  
  138  8:03  Terran Vehicle And Ship Armor Level 1  
  143  8:11  Marine x3  
  142  8:13  Marine  
  142  8:14  Widow Mine  
  142  8:16  Marine x2  
  142  8:18  Marine x3  
  140  8:22  Medivac x2  
  144  8:29  Marine x3  
  144  8:31  Command Center  
  144  8:32  Supply Depot, Marine  
  148  8:37  Marine x2  
  148  8:38  Marine x2  
  148  8:40  Marine  
  153  8:46  Marine  
  153  8:47  Marine x2  
  156  8:50  Marine  
  156  8:52  Medivac x2  
  161  8:58  Marine  
  161  9:00  Marine  
  161  9:02  Marine x2  
  160  9:04  Widow Mine x2  
  160  9:05  Widow Mine  
  160  9:07  Marine x3  
  160  9:10  Barracks, Marine x2  
  160  9:11  Barracks  
  160  9:12  Barracks  
  160  9:15  Marine  
  152  9:18  Marine  
  152  9:20  Marine x2  
  146  9:24  Marine  
  146  9:25  Marine x2  
  146  9:27  Marine  
  146  9:28  Marine  
  144  9:33  Marine  
  144  9:34  Medivac x2  
  144  9:36  Marine  
  144  9:38  Marine x2  
  147  9:42  Marine x2  
  147  9:43  Marine  
  146  9:46  Marine x2  
  146  9:49  Supply Depot  
  141  9:55  Orbital Command  
  141  10:03  Supply Depot x2, Orbital Command  
  133  10:15  Supply Depot  
  133  10:36  Barracks Tech Lab  
  133  10:37  Widow Mine x3, Marine x2  
  141  10:47  Supply Depot x2  
  141  11:08  Marine x2, Medivac  
  141  11:09  Widow Mine x3, Marine x4, Medivac  
  141  11:11  Supply Depot, Barracks Tech Lab x2  
  157  11:12  Supply Depot  
  157  11:15  Marine  
  157  11:17  Marine  
  157  11:24  Supply Depot x2  
  157  11:33  Widow Mine x2, Command Center  
  161  11:43  Marauder, Concussive Shells  
  161  11:44  Marauder x2  
  167  11:47  Marine x3  
  167  11:52  Widow Mine  
  172  11:55  Widow Mine x2  
  172  11:57  Marine  
  172  11:58  Marine, Marauder  
  163  12:19  Marine x4  
  163  12:20  Marine  
  163  12:22  Marauder x2  
  161  12:23  Marine x2  
  161  12:25  Marine x2  
  161  12:26  Marine  
  130  12:37  Marine x4  
  130  12:38  Marine  
  130  12:40  Marine  
  130  12:41  Marine  
  130  12:42  Marine  
  130  12:43  Marine x3  
  130  12:44  Orbital Command, Marine  
  112  12:55  Marine x4  
  109  13:01  Widow Mine  
  104  13:05  Marine  
  104  13:10  Marine  
  101  13:15  Marine  

Tags
 
Add a new tag
Caveats
  • Supply blocks, unpowered buildings, or Contaminate may cause inaccurate times.
  • Supply counts are checked every 10 seconds.